 Dungeon Crawl Stone Soup version 0.29-a0-271-gd4eb659eea (webtiles) character file.

Game seed: 6386584044163178327

136 dolemite99 the Chopper (level 5, -5/45 HPs)
             Began as a Hill Orc Fighter on Mar 9, 2022.
             Slain by a gnoll
             ... wielding a +0 flail
              (10 damage)
             ... on level 2 of the Dungeon.
             The game lasted 00:02:16 (2551 turns).

dolemite99 the Chopper (Hill Orc Fighter)           Turns: 2551, Time: 00:02:16

Health: -5/45      AC:  6    Str: 21    XL:     5   Next: 19%
Magic:  5/5        EV:  9    Int:  8    God:
Gold:   62         SH:  4    Dex: 10    Spells: 4/4 levels left

rFire   . . .      SeeInvis .   a - +0 war axe
rCold   . . .      Faith    .   c - +0 buckler
rNeg    . . .      Spirit   .   b - +0 scale mail
rPois   .          Reflect  .   (no helmet)
rElec   .          Harm     .   (no cloak)
rCorr   .          Rampage  .   (no gloves)
Will    .....                   (no boots)
Stlth   ..........              (no amulet)
HPRegen 0.15/turn               (no ring)
MPRegen 0.09/turn               (no ring)

@: mighty
A: no striking features
a: no special abilities


You were on level 2 of the Dungeon.
You visited 1 branch of the dungeon, and saw 2 of its levels.

You collected 62 gold pieces.

Inventory:

Hand Weapons
 a - a +0 war axe (weapon)
 n - a +3 mace
Missiles
 i - 73 stones (quivered)
Armour
 b - a +0 scale mail (worn)
 c - a +0 buckler (worn)
Magical Staves
 l - a staff of air
Jewellery
 m - a ring of poison resistance
 r - a ring of flight
Scrolls
 e - 3 scrolls of enchant armour {unknown}
 f - 2 scrolls of identify {unknown}
 g - a scroll of silence {unknown}
 h - 3 scrolls of teleportation {unknown}
 j - a scroll of summoning {unknown}
 o - a scroll of immolation {unknown}
Potions
 d - a potion of might
 k - 2 potions of degeneration {unknown}
 p - a potion of heal wounds {unknown}
 q - a potion of invisibility {unknown}


   Skills:
 - Level 3.6 Fighting
 + Level 6.9 Axes
 - Level 3.2 Armour
 - Level 3.2 Shields


You had 4 spell levels left.
You didn't know any spells.
Your spell library contained the following spells:

 Spells                   Type           Power      Damage    Failure   Level
 Alistair's Intoxication  Tmut/Pois      0%         N/A       100%        5
 Borgnjor's Vile Clutch   Necr/Erth      0%         N/A       100%        5
 Eringya's Noxious Bog    Tmut/Pois      0%         N/A       100%        6
 Borgnjor's Revivificati  Necr           0%         N/A       100%        8
 Necromutation            Tmut/Necr      0%         N/A       100%        8
 Death's Door             Necr           0%         N/A       100%        9


Dungeon Overview and Level Annotations

Branches:
Dungeon (2/15)

Altars:


Message History

The gnoll hits you with a +0 spear.
You completely miss the gnoll. The gnoll barely misses you.
The gnoll hits you from afar with a +0 spear.
The gnoll hits you but does no damage.
The gnoll shouts!
You slash the gnoll!
The gnoll is heavily wounded.
The gnoll hits you but does no damage. The gnoll barely misses you.
You completely miss the gnoll.
The gnoll is heavily wounded.
The gnoll hits you with a +0 spear.
The gnoll hits you from afar with a +0 spear.
You feel very mighty all of a sudden.
You block the gnoll's attack. x2; The gnoll closely misses you.
You hit the goblin.
You kill the goblin!
You slash the gnoll!
You kill the gnoll!
You barely miss the gnoll.
The gnoll hits you from afar with a +0 spear!
You block the gnoll's attack.
You hit the gnoll.
The gnoll is lightly wounded.
The gnoll hits you but does no damage.
A hobgoblin comes into view.
The gnoll hits you with a +0 flail! You block the gnoll's attack.
The gnoll hits you from afar with a +0 spear.
You block the gnoll's attack.
You barely miss the gnoll. You hit the gnoll.
The gnoll hits you from afar with a +0 spear.
* * * LOW HITPOINT WARNING * * *
The gnoll completely misses you. The gnoll hits you with a +0 club.
* * * LOW HITPOINT WARNING * * *
The gnoll attacks as you move away! The gnoll hits you with a +0 club.
* * * LOW HITPOINT WARNING * * *
You see here a ball python corpse.
The gnoll attacks as you move away! The gnoll misses you.
The gnoll attacks as you move away! The gnoll hits you but does no damage.
The gnoll hits you with a +0 flail!
You die...

#.....................
####....###...........
#...#...#......)...
#..#..⌠.8#.........
##.#.⌠..###..>.....
#.#...#∩#8#)#.....
#..#8#_#...##.#.#.
#...###..⌠.##.#...
#@...#8.⌠..##.##..
#gg...#...#.......
#..g...###........
#..g..............
#.................
#...).....###.....
#.........#
#.##..))..#
#....###......


You could see 3 gnolls and a hobgoblin.

Vanquished Creatures
  A scorpion (D:2)
  A gnoll (D:2)
  A dart slug (D:1)
  7 bats
  9 endoplasms
  14 goblins
  7 hobgoblins
  A quokka (D:1)
  6 ball pythons
  A frilled lizard (D:1)
  4 kobolds
  3 rats
55 creatures vanquished.

Notes
Turn   | Place    | Note
-------+----------+-------------------------------------------
     0 | D:1      | dolemite99 the Hill Orc Fighter began the quest for the
                  | Orb.
     0 | D:1      | Reached XP level 1. HP: 19/19 MP: 1/1
   104 | D:1      | Reached skill level 3 in Axes
   253 | D:1      | Reached XP level 2. HP: 26/26 MP: 2/2
   427 | D:1      | Reached skill level 4 in Axes
  1211 | D:1      | Reached XP level 3. HP: 31/31 MP: 3/3
  1754 | D:2      | Reached skill level 5 in Axes
  2028 | D:2      | Noticed a scorpion
  2041 | D:2      | Killed a scorpion
  2042 | D:2      | Reached skill level 6 in Axes
  2042 | D:2      | Reached XP level 4. HP: 14/39 MP: 4/4
  2302 | D:2      | Reached XP level 5. HP: 34/45 MP: 5/5
  2488 | D:2      | Found a faded altar of an unknown god.
  2551 | D:2      | Slain by a gnoll

Illustrated notes

Levels and vault maps discovered:
D:1:      dpeg_arrival_morbid_curiosity, layout_loops_corners
D:2:      cheibrodos_greedy_goblins, layout_basic,
          shapermc_ecumenical_altar_venn

Skill      XL: |  1  2  3 |
---------------+----------+-----
Axes           | 3 4 6 |  6.9
Fighting       | |  3.6
Armour         | |  3.2
Shields        | |  3.2

Action                   |  1- 3 |  4- 6 || total
-------------------------+-------+-------++-------
Melee: War axe           |   101 |    32 ||   133
Throw: Stone             |    62 |     1 ||    63
  Use: Potion            |       |     1 ||     1
Armor: Scale mail        |    54 |    15 ||    69
Dodge: Dodged            |    54 |    24 ||    78
Block: Buckler           |    20 |    14 ||    34

Table legend: (Time is in decaauts)
 A = Elapsed time spent in this place.
 B = Non-inter-level travel time spent in this place.
 C = Inter-level travel time spent in this place.
 D = Time resting spent in this place.
 E = Time spent auto-exploring this place.
 F = Levels seen in this place.
 G = Mean time per level.
                   A        B        C        D        E       F      G
               +--------+--------+--------+--------+--------+-----+--------+
         Total |   2598 |   2576 |     22 |    713 |   1272 |   2 | 1299.0 |
       Dungeon |   2598 |   2576 |     22 |    713 |   1272 |   2 | 1299.0 |
               +--------+--------+--------+--------+--------+-----+--------+

Top non-repeatable levels by time:
     D:1: 1754 daAuts
     D:2: 843 daAuts
